BOSTON Bruins vs PITTSBURGH Penguins

Created - 14 décembre 2018 at 18:28

Goals
1 2 3 T
BOSTON Bruins 2 2 0 4
PITTSBURGH Penguins 0 0 3 3
Shots
1 2 3 T
BOSTON Bruins 8 19 10 37
PITTSBURGH Penguins 7 12 21 40

1st period

1. BOSTON Bruins , Matt Dumba 5 (Phil Kessel 13, Blake Wheeler 22) at 1:45
2. BOSTON Bruins , Brad Marchand 13 (Patrice Bergeron 15) at 8:56

Penalties :
No Penalty

2nd period

3. BOSTON Bruins , Phil Kessel 12 (Johnny Boychuk 10) at 10:52
4. BOSTON Bruins , Tomas Hertl 6 (Victor Hedman 18, Brad Marchand 16) at 11:04

Penalties :
Blake Wheeler (BOS) for Hooking (Minor) at 0:07

3rd period

5. PITTSBURGH Penguins , Marc Staal 3 (Jesse Puljujarvi 1, Johan Larsson 2) at 11:21
6. PITTSBURGH Penguins , Marc Staal 4 (Evgeni Malkin 19, Patrik Laine 20) at 14:23
7. PITTSBURGH Penguins , Alexander Radulov 15 (Robert Bortuzzo 10) at 19:40 (PP)

Penalties :
Marc Staal (PIT) for Roughing (Minor) at 3:07, Brad Marchand (BOS) for Hooking (Minor) at 3:07, Marc Staal (PIT) for Slashing (Minor) at 7:41, Jake Guentzel (PIT) for Hooking (Minor) at 15:58, Kevan Miller (BOS) for Tripping (Minor) at 19:20

Goalie Stats

Frederik Andersen (BOS), 37 saves from 40 shots - (0,925), W, 21-8-3, 60:00 minutes
Devan Dubnyk (PIT), 33 saves from 37 shots - (0,892), L, 20-6-2, 59:44 minutes

Players Stats for BOSTON Bruins

Player Name              G  A  P  +/- PIM S  H  SB GA TA FO     MP     PP MP  PK MP  
------------------------------------------------------------------------------------
Adam Cracknell           0  0  0   0  0   2  0  0  0  0  0/0     7:51   0:00   0:01 
Adrian Kempe             0  0  0   0  0   0  0  0  0  0  0/0     7:22   0:00   0:00 
Blake Wheeler            0  1  1   0  2   4  0  0  0  0  1/1    20:33   1:58   0:00 
Bo Horvat                0  0  0   0  0   1  3  0  0  0  9/21   18:03   0:00   0:32 
Brad Marchand            1  1  2   2  2   9  2  1  0  0  1/1    21:30   2:00   1:47 
Darren Archibald         0  0  0   0  0   2  1  1  0  0  1/2     9:07   0:00   0:00 
David Krejci             0  0  0   0  0   3  3  0  0  0  8/16   11:05   1:58   0:00 
Johnny Boychuk           0  1  1   3  0   2  5  0  0  0  0/0    20:09   0:00   0:59 
Kevan Miller             0  0  0   0  2   1  1  2  0  0  0/0    15:24   0:00   0:49 
Logan Shaw               0  0  0   0  0   1  0  1  0  0  0/0     9:07   0:00   0:00 
Matt Dumba               1  0  1   3  0   1  1  2  0  0  0/0    20:46   2:00   0:10 
Mattias Ekholm           0  0  0  -1  0   2  2  4  0  0  0/0    23:49   1:58   1:20 
Nolan Patrick            0  0  0   0  0   0  0  0  0  0  3/5     8:16   0:00   0:00 
Patrice Bergeron         0  1  1   2  0   3  1  1  0  0  21/36  23:02   2:00   1:47 
Phil Kessel              1  1  2   0  0   2  0  0  0  0  2/3    19:31   2:00   0:00 
Shea Theodore            0  0  0   0  0   0  0  1  0  0  0/0    16:00   1:58   0:00 
Tomas Hertl              1  0  1   2  0   3  1  0  0  0  0/0    20:13   1:58   0:31 
Victor Hedman            0  1  1  -1  0   1  2  2  0  0  0/0    23:51   2:00   1:20 

Players Stats for PITTSBURGH Penguins

Player Name              G  A  P  +/- PIM S  H  SB GA TA FO     MP     PP MP  PK MP  
------------------------------------------------------------------------------------
Alexander Radulov        1  0  1  -2  0   1  0  0  0  0  0/2    17:10   1:05   0:00 
Brian Boyle              0  0  0  -1  0   0  0  0  0  0  9/19   13:49   0:00   2:34 
Brooks Orpik             0  0  0  -2  0   0  7  2  0  0  0/0    25:46   0:45   1:44 
Bryan Little             0  0  0  -2  0   8  0  0  0  0  11/23  18:59   1:14   0:57 
Dustin Brown             0  0  0  -1  0   4  3  0  0  0  2/3    15:43   1:14   2:55 
Evgeni Malkin            0  1  1   1  0   2  3  0  0  0  12/27  19:34   1:05   0:00 
Jake Gardiner            0  0  0  -2  0   0  0  2  0  0  0/0    19:52   0:00   0:10 
Jake Guentzel            0  0  0   1  2   2  2  0  0  0  1/1    17:42   0:00   0:00 
Jesse Puljujarvi         0  1  1   0  0   1  0  0  0  0  0/0     7:11   0:00   0:00 
Johan Larsson            0  1  1   0  0   2  0  1  0  0  4/7     7:17   0:00   0:06 
Jordan Nolan             0  0  0   0  0   0  0  0  0  0  0/2     7:11   0:00   0:00 
Marc Staal               2  0  2   0  4   3  3  0  0  0  0/0    17:03   0:00   0:56 
Nate Schmidt             0  0  0   0  0   1  2  1  0  0  0/0    22:39   0:45   3:01 
Patrik Laine             0  1  1   1  0   6  1  0  0  0  0/0    20:06   1:05   0:00 
Robert Bortuzzo          0  1  1   0  0   2  2  1  0  0  0/0    19:02   1:34   2:05 
Tanner Pearson           0  0  0  -2  0   5  0  0  0  0  0/1    15:54   0:00   0:27 
Thomas Chabot            0  0  0   0  0   0  0  2  0  0  0/0    15:36   1:34   0:00 
Zach Parise              0  0  0  -1  0   3  0  1  0  0  0/0    13:26   1:14   0:57 

3 Stars

1 - Matt Dumba (BOS)
2 - Brad Marchand (BOS)
3 - Johnny Boychuk (BOS)

Power Play

BOSTON Bruins - 0 on 2 Attempt(s) - 0,00%
PITTSBURGH Penguins - 1 on 2 Attempt(s) - 50,00%

Penalty Kill

BOSTON Bruins - 1 on 2 Attempt(s) - 50,00% - Score 0 goal in Penalty Kill
PITTSBURGH Penguins - 2 on 2 Attempt(s) - 100,00% - Score 0 goal in Penalty Kill

Team Stat

BOSTON Bruins - Hits : 22 - Faceoff Wins : 46 - Blocked Shots : 15 - Penalty Minutes : 6
PITTSBURGH Penguins - Hits : 23 - Faceoff Wins : 39 - Blocked Shots : 10 - Penalty Minutes : 6

Official

Referees : Unknown
Linesman : Unknown

Game Notes

No Game Note

Finance

Level 1 -- Attendance: 5109 (85,15%) -- Ticket Income 510 900 $
Level 2 -- Attendance: 4428 (88,56%) -- Ticket Income 265 680 $
Level 3 -- Attendance: 2000 (100,00%) -- Ticket Income 70 000 $
Level 4 -- Attendance: 4000 (100,00%) -- Ticket Income 80 000 $
Luxury Box -- Attendance: 914 (91,40%) -- Ticket Income 182 800 $
Game was played at the Consol Energy Center.
Total Attendance: 16451 (91,39%)
Total Ticket Income: 1 109 380 $
Other Income: 432 658 $
Total Income: 1 542 038 $

BOSTON Bruins

5 vs 5 Forward 
   Center                   Left Wing                Right Wing               Time % Phy DF OF 
 1 Patrice Bergeron         Brad Marchand            Tomas Hertl              40     1   2  2  
 2 Bo Horvat                Blake Wheeler            Phil Kessel              40     1   2  2  
 3 David Krejci             Darren Archibald         Logan Shaw               15     1   2  2  
 4 Nolan Patrick            Adrian Kempe             Adam Cracknell           5      1   2  2  

5 vs 5 Defense 
   Defense                  Defense                                           Time % Phy DF OF 
 1 Victor Hedman            Mattias Ekholm                                    40     1   2  2  
 2 Matt Dumba               Johnny Boychuk                                    40     1   2  2  
 3 Shea Theodore            Kevan Miller                                      10     1   2  2  
 4 Victor Hedman            Mattias Ekholm                                    10     1   2  2  

PowerPlay Forward 
   Center                   Left Wing                Right Wing               Time % Phy DF OF 
 1 Patrice Bergeron         Brad Marchand            Phil Kessel              60     1   1  3  
 2 David Krejci             Blake Wheeler            Tomas Hertl              40     1   1  3  

PowerPlay Defense
   Defense                  Defense                                           Time % Phy DF OF 
 1 Victor Hedman            Matt Dumba                                        60     1   1  3  
 2 Mattias Ekholm           Shea Theodore                                     40     1   1  3  

Penalty Kill 4 Players Forward 
   Center                   Wing                     Time % Phy DF OF 
 1 Patrice Bergeron         Brad Marchand            60     1   2  2  
 2 Bo Horvat                Blake Wheeler            40     1   2  2  

Penalty Kill 4 Players Defense
   Defense                  Defense                  Time % Phy DF OF 
 1 Victor Hedman            Mattias Ekholm           60     1   2  2  
 2 Johnny Boychuk           Kevan Miller             40     1   2  2  

Penalty Kill - 3 Players Forward 
   Forward                                           Time % Phy DF OF 
 1 Patrice Bergeron                                  60     1   2  2  
 2 Bo Horvat                                         40     1   2  2  

Penalty Kill - 3 Players Defense
   Defense                  Defense                  Time % Phy DF OF 
 1 Victor Hedman            Mattias Ekholm           60     1   2  2  
 2 Johnny Boychuk           Kevan Miller             40     1   2  2  

4 vs 4 Forward 
   Center                   Wing                     Time % Phy DF OF 
 1 Patrice Bergeron         Brad Marchand            60     1   2  2  
 2 Bo Horvat                Blake Wheeler            40     1   2  2  

4 vs 4 Defense
   Defense                  Defense                  Time % Phy DF OF 
 1 Victor Hedman            Mattias Ekholm           60     1   2  2  
 2 Matt Dumba               Johnny Boychuk           40     1   2  2  

Last Minutes Offensive
   Center                   Left Wing                Right Wing               Defense                  Defense                  
   Patrice Bergeron         Brad Marchand            Phil Kessel              Victor Hedman            Matt Dumba               

Last Minutes Defensive
   Center                   Left Wing                Right Wing               Defense                  Defense                  
   Patrice Bergeron         Brad Marchand            Tomas Hertl              Victor Hedman            Mattias Ekholm           

Goaltenders
Starting : Frederik Andersen        
Backup : Louis Domingue           

Extra Forwards
Normal : Blake Wheeler, Brad Marchand, Nolan Patrick - PP : Tomas Hertl, Bo Horvat - PK : Tomas Hertl
Extra Defensemen
Normal : Matt Dumba, Kevan Miller, Mattias Ekholm - PP : Johnny Boychuk - PK : Matt Dumba, Shea Theodore
Penalty Shots
Brad Marchand, Patrice Bergeron, Phil Kessel, Blake Wheeler, Tomas Hertl

PITTSBURGH Penguins

5 vs 5 Forward 
   Center                   Left Wing                Right Wing               Time % Phy DF OF 
 1 Evgeni Malkin            Jake Guentzel            Patrik Laine             35     1   2  2  
 2 Bryan Little             Tanner Pearson           Alexander Radulov        31     1   2  2  
 3 Brian Boyle              Zach Parise              Dustin Brown             24     1   2  2  
 4 Johan Larsson            Jordan Nolan             Jesse Puljujarvi         10     1   2  2  

5 vs 5 Defense 
   Defense                  Defense                                           Time % Phy DF OF 
 1 Brooks Orpik             Jake Gardiner                                     40     1   2  2  
 2 Marc Staal               Nate Schmidt                                      30     1   2  2  
 3 Robert Bortuzzo          Thomas Chabot                                     20     1   2  2  
 4 Nate Schmidt             Brooks Orpik                                      10     1   2  2  

PowerPlay Forward 
   Center                   Left Wing                Right Wing               Time % Phy DF OF 
 1 Evgeni Malkin            Patrik Laine             Alexander Radulov        60     1   2  2  
 2 Bryan Little             Zach Parise              Dustin Brown             40     1   2  2  

PowerPlay Defense
   Defense                  Defense                                           Time % Phy DF OF 
 1 Brooks Orpik             Nate Schmidt                                      60     1   2  2  
 2 Thomas Chabot            Robert Bortuzzo                                   40     1   2  2  

Penalty Kill 4 Players Forward 
   Center                   Wing                     Time % Phy DF OF 
 1 Brian Boyle              Dustin Brown             60     1   2  2  
 2 Bryan Little             Zach Parise              40     1   2  2  

Penalty Kill 4 Players Defense
   Defense                  Defense                  Time % Phy DF OF 
 1 Robert Bortuzzo          Nate Schmidt             60     1   2  2  
 2 Marc Staal               Nate Schmidt             40     1   2  2  

Penalty Kill - 3 Players Forward 
   Forward                                           Time % Phy DF OF 
 1 Bryan Little                                      60     1   2  2  
 2 Brian Boyle                                       40     1   2  2  

Penalty Kill - 3 Players Defense
   Defense                  Defense                  Time % Phy DF OF 
 1 Nate Schmidt             Marc Staal               60     1   2  2  
 2 Robert Bortuzzo          Jake Gardiner            40     1   2  2  

4 vs 4 Forward 
   Center                   Wing                     Time % Phy DF OF 
 1 Bryan Little             Patrik Laine             60     1   2  2  
 2 Evgeni Malkin            Alexander Radulov        40     1   2  2  

4 vs 4 Defense
   Defense                  Defense                  Time % Phy DF OF 
 1 Brooks Orpik             Robert Bortuzzo          60     1   2  2  
 2 Marc Staal               Nate Schmidt             40     1   2  2  

Last Minutes Offensive
   Center                   Left Wing                Right Wing               Defense                  Defense                  
   Evgeni Malkin            Patrik Laine             Dustin Brown             Brooks Orpik             Jake Gardiner            

Last Minutes Defensive
   Center                   Left Wing                Right Wing               Defense                  Defense                  
   Evgeni Malkin            Patrik Laine             Dustin Brown             Brooks Orpik             Jake Gardiner            

Goaltenders
Starting : Devan Dubnyk             
Backup : Christopher Gibson       

Extra Forwards
Normal : Patrik Laine, Jake Guentzel, Tanner Pearson - PP : Patrik Laine, Jake Guentzel - PK : Tanner Pearson
Extra Defensemen
Normal : Robert Bortuzzo, Marc Staal, Nate Schmidt - PP : Robert Bortuzzo - PK : Robert Bortuzzo, Nate Schmidt
Penalty Shots
Evgeni Malkin, Zach Parise, Jake Guentzel, Alexander Radulov, Dustin Brown


% Time on Ice - BOSTON Bruins

Lines # - Real PCT - Wanted PCT - Time Play
Normal Forward
1 - 34% - 40% - 17:25
2 - 34% - 40% - 17:31
3 - 18% - 15% - 9:07
4 - 14% - 5% - 7:22
Normal Defense
1 - 34% - 40% - 17:40
2 - 36% - 40% - 18:16
3 - 27% - 10% - 14:02
4 - 3% - 10% - 1:27
PP Forward
1 - 50% - 60% - 2:00
2 - 50% - 40% - 1:58
PP Defense
1 - 50% - 60% - 2:00
2 - 50% - 40% - 1:58
PK Forward
1 - 77% - 60% - 1:47
2 - 23% - 40% - 0:32
PK Defense
1 - 58% - 60% - 1:20
2 - 42% - 40% - 0:59
PK3 Forward
1 - 0% - 60%
2 - 0% - 40%
PK3 Defense
1 - 0% - 60%
2 - 0% - 40%
44 Forward
1 - 100% - 60% - 1:59
2 - 0% - 40% - 0:00
44 Defense
1 - 55% - 60% - 1:05
2 - 45% - 40% - 0:54
Last Minute Offensive  - 0:00
Last Minute Defensive  - 0:19
Total
Forward - 60:00
Defense - 60:00

% Time on Ice - PITTSBURGH Penguins

Lines # - Real PCT - Wanted PCT - Time Play
Normal Forward
1 - 34% - 35% - 17:32
2 - 30% - 31% - 15:27
3 - 22% - 24% - 11:15
4 - 14% - 10% - 7:11
Normal Defense
1 - 37% - 40% - 19:12
2 - 31% - 30% - 16:09
3 - 27% - 20% - 14:02
4 - 4% - 10% - 2:02
PP Forward
1 - 47% - 60% - 1:05
2 - 53% - 40% - 1:14
PP Defense
1 - 32% - 60% - 0:45
2 - 68% - 40% - 1:34
PK Forward
1 - 76% - 60% - 3:01
2 - 24% - 40% - 0:57
PK Defense
1 - 35% - 60% - 1:23
2 - 65% - 40% - 2:35
PK3 Forward
1 - 0% - 60%
2 - 0% - 40%
PK3 Defense
1 - 0% - 60%
2 - 0% - 40%
44 Forward
1 - 68% - 60% - 1:21
2 - 32% - 40% - 0:38
44 Defense
1 - 54% - 60% - 1:04
2 - 46% - 40% - 0:55
Last Minute Offensive  - 0:19
Last Minute Defensive  - 0:00
Total
Forward - 60:00
Defense - 60:00

Play by Play

1st period


0:01 of 1st period - Evgeni Malkin wins face-off versus Patrice Bergeron in neutral zone.
1:27 of 1st period - Shot by Bo Horvat.
1:27 of 1st period - Shot Misses the Net.
1:29 of 1st period - Shot by Bo Horvat.
1:29 of 1st period - Shot Misses the Net.
1:43 of 1st period - Shot by Phil Kessel.
1:43 of 1st period - Shot Misses the Net.
1:45 of 1st period - Shot by Matt Dumba.
1:45 of 1st period - Goal by Matt Dumba - BOSTON Bruins : 1 - PITTSBURGH Penguins : 0.
1:46 of 1st period - Brian Boyle wins face-off versus David Krejci in neutral zone.
1:46 of 1st period - Robert Bortuzzo is hit by Darren Archibald and loses puck.
2:14 of 1st period - Icing by David Krejci.
2:15 of 1st period - David Krejci wins face-off versus Johan Larsson in BOSTON Bruins zone.
2:36 of 1st period - Shot by David Krejci.
2:36 of 1st period - Stopped by Devan Dubnyk with a rebound.
3:04 of 1st period - Shot by Bo Horvat.
3:04 of 1st period - Shot Misses the Net.
3:06 of 1st period - Shot by Blake Wheeler.
3:06 of 1st period - Shot Blocked by Johan Larsson.
3:58 of 1st period - Shot by Victor Hedman.
3:58 of 1st period - Stopped by Devan Dubnyk without a rebound.
3:59 of 1st period - Nolan Patrick wins face-off versus Brian Boyle in PITTSBURGH Penguins zone.
6:24 of 1st period - Blake Wheeler is hit by Evgeni Malkin and loses puck.
6:28 of 1st period - Off-side.
6:29 of 1st period - David Krejci wins face-off versus Johan Larsson in neutral zone.
7:17 of 1st period - Icing by Jake Gardiner.
7:18 of 1st period - Bo Horvat wins face-off versus Jordan Nolan in PITTSBURGH Penguins zone.
7:26 of 1st period - Icing by Brooks Orpik.
7:27 of 1st period - Johan Larsson wins face-off versus Bo Horvat in PITTSBURGH Penguins zone.
7:47 of 1st period - Shot by Blake Wheeler.
7:47 of 1st period - Shot Blocked by Jake Gardiner.
8:56 of 1st period - Shot by Brad Marchand.
8:56 of 1st period - Goal by Brad Marchand - BOSTON Bruins : 2 - PITTSBURGH Penguins : 0.
8:57 of 1st period - Evgeni Malkin wins face-off versus Nolan Patrick in neutral zone.
9:43 of 1st period - Icing by Patrik Laine.
9:44 of 1st period - Bo Horvat wins face-off versus Evgeni Malkin in PITTSBURGH Penguins zone.
10:19 of 1st period - Shot by Phil Kessel.
10:19 of 1st period - Stopped by Devan Dubnyk without a rebound.
10:20 of 1st period - Patrice Bergeron wins face-off versus Bryan Little in PITTSBURGH Penguins zone.
10:37 of 1st period - Bryan Little is hit by Johnny Boychuk and loses puck.
10:44 of 1st period - Shot by Tanner Pearson.
10:44 of 1st period - Stopped by Frederik Andersen with a rebound.
10:51 of 1st period - Bryan Little is hit by Johnny Boychuk.
11:02 of 1st period - Alexander Radulov is hit by Matt Dumba and loses puck.
11:16 of 1st period - Zach Parise is hit by Johnny Boychuk and loses puck.
11:21 of 1st period - Shot by Dustin Brown.
11:21 of 1st period - Stopped by Frederik Andersen with a rebound.
11:23 of 1st period - Shot by Nate Schmidt.
11:23 of 1st period - Shot Blocked by Matt Dumba.
11:29 of 1st period - Shot by Zach Parise.
11:29 of 1st period - Shot Misses the Net.
11:44 of 1st period - Icing by Matt Dumba.
11:45 of 1st period - Patrice Bergeron wins face-off versus Evgeni Malkin in BOSTON Bruins zone.
11:51 of 1st period - Icing by Robert Bortuzzo.
11:52 of 1st period - Phil Kessel wins face-off versus Evgeni Malkin in PITTSBURGH Penguins zone.
11:57 of 1st period - Shot by Blake Wheeler.
11:57 of 1st period - Shot Blocked by Robert Bortuzzo.
12:09 of 1st period - Shot by Evgeni Malkin.
12:09 of 1st period - Shot Blocked by Mattias Ekholm.
12:32 of 1st period - Icing by Patrik Laine.
12:33 of 1st period - Evgeni Malkin wins face-off versus David Krejci in PITTSBURGH Penguins zone.
13:14 of 1st period - Bryan Little is hit by David Krejci and loses puck.
13:29 of 1st period - Shot by Alexander Radulov.
13:29 of 1st period - Shot Misses the Net.
13:53 of 1st period - Shot by Adam Cracknell.
13:53 of 1st period - Shot Misses the Net.
13:55 of 1st period - Shot by Nolan Patrick.
13:55 of 1st period - Shot Misses the Net.
13:57 of 1st period - Shot by Adrian Kempe.
13:57 of 1st period - Shot Misses the Net.
14:30 of 1st period - Shot by Phil Kessel.
14:30 of 1st period - Shot Misses the Net.
14:39 of 1st period - Phil Kessel is hit by Brooks Orpik and loses puck.
14:46 of 1st period - Shot by Phil Kessel.
14:46 of 1st period - Shot Blocked by Jake Gardiner.
15:01 of 1st period - Bryan Little is hit by Kevan Miller and loses puck.
15:11 of 1st period - Tomas Hertl is hit by Dustin Brown.
15:29 of 1st period - Shot by Dustin Brown.
15:29 of 1st period - Stopped by Frederik Andersen without a rebound.
15:30 of 1st period - Evgeni Malkin wins face-off versus David Krejci in BOSTON Bruins zone.
15:39 of 1st period - Shot by Evgeni Malkin.
15:39 of 1st period - Shot Blocked by Mattias Ekholm.
15:47 of 1st period - Shot by Jake Guentzel.
15:47 of 1st period - Deflect By Patrik Laine.
15:47 of 1st period - Stopped by Frederik Andersen without a rebound.
15:48 of 1st period - Brian Boyle wins face-off versus Nolan Patrick in BOSTON Bruins zone.
16:42 of 1st period - Shot by Evgeni Malkin.
16:42 of 1st period - Stopped by Frederik Andersen with a rebound.
16:44 of 1st period - Shot by Robert Bortuzzo.
16:44 of 1st period - Shot Misses the Net.
16:46 of 1st period - Shot by Evgeni Malkin.
16:46 of 1st period - Shot Misses the Net.
16:48 of 1st period - Shot by Robert Bortuzzo.
16:48 of 1st period - Deflect By Patrik Laine.
16:48 of 1st period - Stopped by Frederik Andersen with a rebound.
16:50 of 1st period - Shot by Evgeni Malkin.
16:50 of 1st period - Shot Misses the Net.
16:58 of 1st period - Shot by Evgeni Malkin.
16:58 of 1st period - Shot Misses the Net.
17:00 of 1st period - Shot by Patrik Laine.
17:00 of 1st period - Shot Misses the Net.
17:02 of 1st period - Shot by Patrik Laine.
17:02 of 1st period - Shot Misses the Net.
17:04 of 1st period - Shot by Robert Bortuzzo.
17:04 of 1st period - Stopped by Frederik Andersen without a rebound.
17:05 of 1st period - Johan Larsson wins face-off versus Bo Horvat in BOSTON Bruins zone.
17:08 of 1st period - Shot by Jordan Nolan.
17:08 of 1st period - Shot Misses the Net.
17:47 of 1st period - Icing by Thomas Chabot.
17:48 of 1st period - Patrice Bergeron wins face-off versus Jordan Nolan in PITTSBURGH Penguins zone.
18:17 of 1st period - Shot by Brad Marchand.
18:17 of 1st period - Shot Blocked by Nate Schmidt.
18:19 of 1st period - Shot by Kevan Miller.
18:19 of 1st period - Stopped by Devan Dubnyk without a rebound.
18:20 of 1st period - Dustin Brown wins face-off versus David Krejci in PITTSBURGH Penguins zone.
18:43 of 1st period - Shot by David Krejci.
18:43 of 1st period - Stopped by Devan Dubnyk without a rebound.
18:44 of 1st period - Bo Horvat wins face-off versus Evgeni Malkin in PITTSBURGH Penguins zone.
18:59 of 1st period - Shot by Blake Wheeler.
18:59 of 1st period - Stopped by Devan Dubnyk without a rebound.
19:00 of 1st period - Bryan Little wins face-off versus Patrice Bergeron in PITTSBURGH Penguins zone.
19:00 of 1st period - Bryan Little is hit by Patrice Bergeron.
19:20 of 1st period - Shot by Tanner Pearson.
19:20 of 1st period - Shot Blocked by Brad Marchand.
19:22 of 1st period - Shot by Alexander Radulov.
19:22 of 1st period - Shot Misses the Net.
Goals for this period are 2 for BOSTON Bruins vs 0 for PITTSBURGH Penguins.
Shots for this period are 8 for BOSTON Bruins vs 7 for PITTSBURGH Penguins.

2nd period


0:01 of 2nd period - Bo Horvat wins face-off versus Evgeni Malkin in neutral zone.
0:07 of 2nd period - Minor Penalty to Blake Wheeler for Hooking.
0:08 of 2nd period - Patrice Bergeron wins face-off versus Evgeni Malkin in BOSTON Bruins zone.
0:29 of 2nd period - Shot by Evgeni Malkin.
0:29 of 2nd period - Shot Misses the Net.
0:33 of 2nd period - Shot by Patrik Laine.
0:33 of 2nd period - Shot Misses the Net.
0:35 of 2nd period - Shot by Alexander Radulov.
0:35 of 2nd period - Shot Blocked by Victor Hedman.
0:43 of 2nd period - Shot by Evgeni Malkin.
0:43 of 2nd period - Shot Blocked by Mattias Ekholm.
0:45 of 2nd period - Shot by Patrik Laine.
0:45 of 2nd period - Stopped by Frederik Andersen without a rebound.
0:46 of 2nd period - Bryan Little wins face-off versus Patrice Bergeron in BOSTON Bruins zone.
1:09 of 2nd period - Shot by Zach Parise.
1:09 of 2nd period - Shot Blocked by Kevan Miller.
1:17 of 2nd period - Shot by Bryan Little.
1:17 of 2nd period - Stopped by Frederik Andersen with a rebound.
1:19 of 2nd period - Shot by Robert Bortuzzo.
1:19 of 2nd period - Deflect By Dustin Brown.
1:19 of 2nd period - Shot Misses the Net.
1:39 of 2nd period - Icing by Bryan Little.
1:40 of 2nd period - Bryan Little wins face-off versus Bo Horvat in PITTSBURGH Penguins zone.
2:13 of 2nd period - Shot by Marc Staal.
2:13 of 2nd period - Shot Misses the Net.
2:27 of 2nd period - Shot by Johan Larsson.
2:27 of 2nd period - Shot Blocked by Matt Dumba.
2:41 of 2nd period - Shot by Jesse Puljujarvi.
2:41 of 2nd period - Shot Blocked by Darren Archibald.
2:43 of 2nd period - Shot by Jesse Puljujarvi.
2:43 of 2nd period - Shot Misses the Net.
2:45 of 2nd period - Shot by Marc Staal.
2:45 of 2nd period - Shot Misses the Net.
2:47 of 2nd period - Shot by Nate Schmidt.
2:47 of 2nd period - Shot Misses the Net.
3:23 of 2nd period - Shot by Phil Kessel.
3:23 of 2nd period - Shot Misses the Net.
3:28 of 2nd period - Patrik Laine is hit by Mattias Ekholm and loses puck.
3:44 of 2nd period - Blake Wheeler is hit by Brooks Orpik and loses puck.
4:16 of 2nd period - Shot by Tanner Pearson.
4:16 of 2nd period - Stopped by Frederik Andersen without a rebound.
4:17 of 2nd period - Patrice Bergeron wins face-off versus Brian Boyle in BOSTON Bruins zone.
4:24 of 2nd period - Shot by Brad Marchand.
4:24 of 2nd period - Shot Misses the Net.
4:27 of 2nd period - Icing by Thomas Chabot.
4:28 of 2nd period - Patrice Bergeron wins face-off versus Brian Boyle in PITTSBURGH Penguins zone.
4:29 of 2nd period - Shot by Brad Marchand.
4:29 of 2nd period - Stopped by Devan Dubnyk without a rebound.
4:30 of 2nd period - Patrice Bergeron wins face-off versus Dustin Brown in PITTSBURGH Penguins zone.
4:33 of 2nd period - Shot by Brad Marchand.
4:33 of 2nd period - Deflect By Patrice Bergeron.
4:33 of 2nd period - Shot Misses the Net.
4:35 of 2nd period - Shot by Tomas Hertl.
4:35 of 2nd period - Stopped by Devan Dubnyk with a rebound.
4:44 of 2nd period - Brad Marchand is hit by Nate Schmidt and loses puck.
4:57 of 2nd period - Shot by Tomas Hertl.
4:57 of 2nd period - Deflect By Brad Marchand.
4:57 of 2nd period - Stopped by Devan Dubnyk with a rebound.
5:08 of 2nd period - Brad Marchand is hit by Marc Staal and loses puck.
5:35 of 2nd period - Shot by David Krejci.
5:35 of 2nd period - Stopped by Devan Dubnyk with a rebound.
5:37 of 2nd period - Shot by Johnny Boychuk.
5:37 of 2nd period - Shot Misses the Net.
5:39 of 2nd period - Shot by Logan Shaw.
5:39 of 2nd period - Stopped by Devan Dubnyk with a rebound.
5:41 of 2nd period - Shot by Johnny Boychuk.
5:41 of 2nd period - Shot Blocked by Thomas Chabot.
5:43 of 2nd period - Shot by Johnny Boychuk.
5:43 of 2nd period - Shot Blocked by Thomas Chabot.
5:45 of 2nd period - Shot by Darren Archibald.
5:45 of 2nd period - Stopped by Devan Dubnyk with a rebound.
6:23 of 2nd period - Shot by Victor Hedman.
6:23 of 2nd period - Shot Misses the Net.
6:51 of 2nd period - Shot by Patrik Laine.
6:51 of 2nd period - Stopped by Frederik Andersen without a rebound.
6:52 of 2nd period - Johan Larsson wins face-off versus Patrice Bergeron in BOSTON Bruins zone.
7:12 of 2nd period - Brad Marchand is hit by Nate Schmidt.
7:21 of 2nd period - Patrice Bergeron is hit by Marc Staal and loses puck.
7:26 of 2nd period - Shot by Brad Marchand.
7:26 of 2nd period - Stopped by Devan Dubnyk without a rebound.
7:27 of 2nd period - Darren Archibald wins face-off versus Bryan Little in PITTSBURGH Penguins zone.
7:33 of 2nd period - Off-side.
7:34 of 2nd period - Phil Kessel wins face-off versus Evgeni Malkin in neutral zone.
7:40 of 2nd period - Matt Dumba is hit by Brooks Orpik and loses puck.
7:58 of 2nd period - Blake Wheeler is hit by Brooks Orpik and loses puck.
8:19 of 2nd period - Shot by Bo Horvat.
8:19 of 2nd period - Stopped by Devan Dubnyk without a rebound.
8:20 of 2nd period - Bryan Little wins face-off versus Patrice Bergeron in PITTSBURGH Penguins zone.
8:39 of 2nd period - Shot by Bryan Little.
8:39 of 2nd period - Shot Misses the Net.
8:56 of 2nd period - Shot by Alexander Radulov.
8:56 of 2nd period - Shot Misses the Net.
8:58 of 2nd period - Shot by Tanner Pearson.
8:58 of 2nd period - Stopped by Frederik Andersen without a rebound.
8:59 of 2nd period - David Krejci wins face-off versus Brian Boyle in BOSTON Bruins zone.
9:24 of 2nd period - Shot by Robert Bortuzzo.
9:24 of 2nd period - Shot Misses the Net.
9:51 of 2nd period - Icing by Kevan Miller.
9:52 of 2nd period - David Krejci wins face-off versus Evgeni Malkin in BOSTON Bruins zone.
9:54 of 2nd period - Kevan Miller is hit by Evgeni Malkin and loses puck.
10:14 of 2nd period - Shot by Patrice Bergeron.
10:14 of 2nd period - Shot Misses the Net.
10:16 of 2nd period - Shot by Tomas Hertl.
10:16 of 2nd period - Shot Misses the Net.
10:26 of 2nd period - Shot by Brad Marchand.
10:26 of 2nd period - Deflect By Tomas Hertl.
10:26 of 2nd period - Shot Misses the Net.
10:28 of 2nd period - Shot by Mattias Ekholm.
10:28 of 2nd period - Shot Misses the Net.
10:30 of 2nd period - Shot by Brad Marchand.
10:30 of 2nd period - Stopped by Devan Dubnyk without a rebound.
10:31 of 2nd period - Bryan Little wins face-off versus Phil Kessel in PITTSBURGH Penguins zone.
10:37 of 2nd period - Bryan Little is hit by Bo Horvat.
10:38 of 2nd period - Icing by Bryan Little.
10:39 of 2nd period - Bo Horvat wins face-off versus Alexander Radulov in PITTSBURGH Penguins zone.
10:52 of 2nd period - Shot by Phil Kessel.
10:52 of 2nd period - Goal by Phil Kessel - BOSTON Bruins : 3 - PITTSBURGH Penguins : 0.
10:53 of 2nd period - Patrice Bergeron wins face-off versus Brian Boyle in neutral zone.
10:56 of 2nd period - Shot by Mattias Ekholm.
10:56 of 2nd period - Shot Misses the Net.
10:58 of 2nd period - Shot by Patrice Bergeron.
10:58 of 2nd period - Shot Blocked by Zach Parise.
11:00 of 2nd period - Shot by Brad Marchand.
11:00 of 2nd period - Shot Misses the Net.
11:02 of 2nd period - Shot by Victor Hedman.
11:02 of 2nd period - Shot Misses the Net.
11:04 of 2nd period - Shot by Tomas Hertl.
11:04 of 2nd period - Goal by Tomas Hertl - BOSTON Bruins : 4 - PITTSBURGH Penguins : 0.
11:05 of 2nd period - Jake Guentzel wins face-off versus Bo Horvat in neutral zone.
11:12 of 2nd period - Shot by Jake Guentzel.
11:12 of 2nd period - Stopped by Frederik Andersen without a rebound.
11:13 of 2nd period - Bo Horvat wins face-off versus Bryan Little in BOSTON Bruins zone.
11:22 of 2nd period - Shot by Blake Wheeler.
11:22 of 2nd period - Stopped by Devan Dubnyk with a rebound.
11:41 of 2nd period - Icing by Matt Dumba.
11:42 of 2nd period - Evgeni Malkin wins face-off versus Bo Horvat in BOSTON Bruins zone.
11:52 of 2nd period - Bo Horvat is hit by Brooks Orpik and loses puck.
11:57 of 2nd period - Shot by Blake Wheeler.
11:57 of 2nd period - Stopped by Devan Dubnyk without a rebound.
11:58 of 2nd period - Patrice Bergeron wins face-off versus Brian Boyle in PITTSBURGH Penguins zone.
12:29 of 2nd period - Shot by Brad Marchand.
12:29 of 2nd period - Stopped by Devan Dubnyk without a rebound.
12:30 of 2nd period - Evgeni Malkin wins face-off versus Bo Horvat in PITTSBURGH Penguins zone.
12:49 of 2nd period - Bo Horvat is hit by Jake Guentzel and loses puck.
13:35 of 2nd period - Brad Marchand is hit by Brooks Orpik and loses puck.
13:56 of 2nd period - Shot by Brad Marchand.
13:56 of 2nd period - Stopped by Devan Dubnyk without a rebound.
13:57 of 2nd period - Brian Boyle wins face-off versus David Krejci in PITTSBURGH Penguins zone.
14:08 of 2nd period - Shot by Darren Archibald.
14:08 of 2nd period - Stopped by Devan Dubnyk without a rebound.
14:09 of 2nd period - Nolan Patrick wins face-off versus Bryan Little in PITTSBURGH Penguins zone.
14:12 of 2nd period - Shot by Adam Cracknell.
14:12 of 2nd period - Stopped by Devan Dubnyk with a rebound.
14:31 of 2nd period - Shot by Tanner Pearson.
14:31 of 2nd period - Shot Blocked by Shea Theodore.
15:01 of 2nd period - Shot by Brian Boyle.
15:01 of 2nd period - Shot Misses the Net.
15:27 of 2nd period - Shot by Zach Parise.
15:27 of 2nd period - Stopped by Frederik Andersen without a rebound.
15:28 of 2nd period - Patrice Bergeron wins face-off versus Evgeni Malkin in BOSTON Bruins zone.
15:57 of 2nd period - Shot by Tomas Hertl.
15:57 of 2nd period - Stopped by Devan Dubnyk without a rebound.
15:58 of 2nd period - Bryan Little wins face-off versus Bo Horvat in PITTSBURGH Penguins zone.
15:58 of 2nd period - Bryan Little is hit by Bo Horvat.
16:19 of 2nd period - Shot by Tanner Pearson.
16:19 of 2nd period - Stopped by Frederik Andersen without a rebound.
16:20 of 2nd period - Brian Boyle wins face-off versus Patrice Bergeron in BOSTON Bruins zone.
16:23 of 2nd period - Shot by Dustin Brown.
16:23 of 2nd period - Stopped by Frederik Andersen without a rebound.
16:24 of 2nd period - Patrice Bergeron wins face-off versus Evgeni Malkin in BOSTON Bruins zone.
16:24 of 2nd period - Victor Hedman is hit by Patrik Laine and loses puck.
16:36 of 2nd period - Patrik Laine is hit by Victor Hedman and loses puck.
16:44 of 2nd period - Evgeni Malkin is hit by Mattias Ekholm and loses puck.
16:47 of 2nd period - Shot by Jake Guentzel.
16:47 of 2nd period - Shot Blocked by Patrice Bergeron.
16:49 of 2nd period - Shot by Jake Guentzel.
16:49 of 2nd period - Deflect By Patrik Laine.
16:49 of 2nd period - Stopped by Frederik Andersen without a rebound.
16:50 of 2nd period - Blake Wheeler wins face-off versus Tanner Pearson in BOSTON Bruins zone.
17:10 of 2nd period - Bryan Little is hit by Bo Horvat and loses puck.
17:19 of 2nd period - Shot by Bryan Little.
17:19 of 2nd period - Stopped by Frederik Andersen with a rebound.
17:21 of 2nd period - Shot by Marc Staal.
17:21 of 2nd period - Stopped by Frederik Andersen without a rebound.
17:22 of 2nd period - Patrice Bergeron wins face-off versus Brian Boyle in BOSTON Bruins zone.
17:50 of 2nd period - Brad Marchand is hit by Dustin Brown and loses puck.
18:26 of 2nd period - Jake Guentzel is hit by Johnny Boychuk and loses puck.
18:57 of 2nd period - Shot by Blake Wheeler.
18:57 of 2nd period - Stopped by Devan Dubnyk without a rebound.
18:58 of 2nd period - Bryan Little wins face-off versus Darren Archibald in PITTSBURGH Penguins zone.
19:19 of 2nd period - Shot by Alexander Radulov.
19:19 of 2nd period - Shot Misses the Net.
19:21 of 2nd period - Shot by Robert Bortuzzo.
19:21 of 2nd period - Shot Blocked by Kevan Miller.
19:23 of 2nd period - Shot by Alexander Radulov.
19:23 of 2nd period - Shot Blocked by Logan Shaw.
Goals for this period are 2 for BOSTON Bruins vs 0 for PITTSBURGH Penguins.
Shots for this period are 19 for BOSTON Bruins vs 12 for PITTSBURGH Penguins.

3rd period


0:01 of 3rd period - Patrice Bergeron wins face-off versus Evgeni Malkin in neutral zone.
0:01 of 3rd period - Patrice Bergeron is hit by Evgeni Malkin.
0:40 of 3rd period - Shot by Patrik Laine.
0:40 of 3rd period - Stopped by Frederik Andersen without a rebound.
0:41 of 3rd period - Bo Horvat wins face-off versus Bryan Little in BOSTON Bruins zone.
1:09 of 3rd period - Shot by Tanner Pearson.
1:09 of 3rd period - Shot Misses the Net.
1:12 of 3rd period - Icing by Blake Wheeler.
1:13 of 3rd period - Bo Horvat wins face-off versus Brian Boyle in BOSTON Bruins zone.
2:05 of 3rd period - Shot by Brad Marchand.
2:05 of 3rd period - Stopped by Devan Dubnyk without a rebound.
2:06 of 3rd period - Evgeni Malkin wins face-off versus David Krejci in PITTSBURGH Penguins zone.
2:06 of 3rd period - Evgeni Malkin is hit by David Krejci.
2:17 of 3rd period - Icing by Brooks Orpik.
2:18 of 3rd period - Evgeni Malkin wins face-off versus Patrice Bergeron in PITTSBURGH Penguins zone.
2:18 of 3rd period - Evgeni Malkin is hit by Brad Marchand.
2:42 of 3rd period - Icing by Jake Guentzel.
2:43 of 3rd period - Evgeni Malkin wins face-off versus Bo Horvat in PITTSBURGH Penguins zone.
2:52 of 3rd period - Shot by Evgeni Malkin.
2:52 of 3rd period - Shot Misses the Net.
2:58 of 3rd period - Shot by Patrik Laine.
2:58 of 3rd period - Deflect By Evgeni Malkin.
2:58 of 3rd period - Shot Misses the Net.
3:00 of 3rd period - Shot by Patrik Laine.
3:00 of 3rd period - Shot Misses the Net.
3:02 of 3rd period - Shot by Jake Guentzel.
3:02 of 3rd period - Stopped by Frederik Andersen without a rebound.
3:03 of 3rd period - Patrice Bergeron wins face-off versus Bryan Little in BOSTON Bruins zone.
3:07 of 3rd period - Minor Penalty to Marc Staal for Roughing.
3:07 of 3rd period - Minor Penalty to Brad Marchand for Hooking.
3:08 of 3rd period - Patrice Bergeron wins face-off versus Bryan Little in PITTSBURGH Penguins zone.
3:09 of 3rd period - Shot by Blake Wheeler.
3:09 of 3rd period - Deflect By Patrice Bergeron.
3:09 of 3rd period - Shot Misses the Net.
3:34 of 3rd period - Patrik Laine is hit by Victor Hedman and loses puck.
3:45 of 3rd period - Shot by Bryan Little.
3:45 of 3rd period - Stopped by Frederik Andersen with a rebound.
3:47 of 3rd period - Shot by Patrik Laine.
3:47 of 3rd period - Shot Hit the Post.
4:27 of 3rd period - Shot by Adam Cracknell.
4:27 of 3rd period - Shot Blocked by Brooks Orpik.
4:29 of 3rd period - Shot by Johnny Boychuk.
4:29 of 3rd period - Stopped by Devan Dubnyk without a rebound.
4:30 of 3rd period - Bryan Little wins face-off versus Patrice Bergeron in PITTSBURGH Penguins zone.
4:55 of 3rd period - Shot by Bryan Little.
4:55 of 3rd period - Stopped by Frederik Andersen without a rebound.
4:56 of 3rd period - Patrice Bergeron wins face-off versus Bryan Little in BOSTON Bruins zone.
4:56 of 3rd period - Patrice Bergeron is hit by Jake Guentzel.
5:07 of 3rd period - Shot by Bryan Little.
5:07 of 3rd period - Stopped by Frederik Andersen with a rebound.
5:09 of 3rd period - Shot by Zach Parise.
5:09 of 3rd period - Stopped by Frederik Andersen with a rebound.
5:28 of 3rd period - David Krejci is hit by Marc Staal and loses puck.
5:39 of 3rd period - Darren Archibald is hit by Dustin Brown and loses puck.
6:14 of 3rd period - Shot by Johan Larsson.
6:14 of 3rd period - Stopped by Frederik Andersen without a rebound.
6:15 of 3rd period - Nolan Patrick wins face-off versus Evgeni Malkin in BOSTON Bruins zone.
6:42 of 3rd period - Shot by Adrian Kempe.
6:42 of 3rd period - Shot Misses the Net.
6:44 of 3rd period - Shot by Adam Cracknell.
6:44 of 3rd period - Stopped by Devan Dubnyk without a rebound.
6:45 of 3rd period - Bryan Little wins face-off versus Patrice Bergeron in PITTSBURGH Penguins zone.
7:04 of 3rd period - Shot by Bryan Little.
7:04 of 3rd period - Stopped by Frederik Andersen without a rebound.
7:05 of 3rd period - Brian Boyle wins face-off versus Bo Horvat in BOSTON Bruins zone.
7:16 of 3rd period - Shot by Dustin Brown.
7:16 of 3rd period - Shot Misses the Net.
7:26 of 3rd period - Shot by Zach Parise.
7:26 of 3rd period - Stopped by Frederik Andersen without a rebound.
7:27 of 3rd period - Bryan Little wins face-off versus Patrice Bergeron in BOSTON Bruins zone.
7:28 of 3rd period - Shot by Tanner Pearson.
7:28 of 3rd period - Stopped by Frederik Andersen with a rebound.
7:41 of 3rd period - Minor Penalty to Marc Staal for Slashing.
7:42 of 3rd period - Brian Boyle wins face-off versus Patrice Bergeron in PITTSBURGH Penguins zone.
7:47 of 3rd period - Shot by Nate Schmidt.
7:47 of 3rd period - Shot Blocked by Victor Hedman.
7:59 of 3rd period - Shot by Brad Marchand.
7:59 of 3rd period - Shot Misses the Net.
8:01 of 3rd period - Shot by Patrice Bergeron.
8:01 of 3rd period - Stopped by Devan Dubnyk without a rebound.
8:02 of 3rd period - Brian Boyle wins face-off versus David Krejci in PITTSBURGH Penguins zone.
8:15 of 3rd period - Shot by Mattias Ekholm.
8:15 of 3rd period - Stopped by Devan Dubnyk without a rebound.
8:16 of 3rd period - Brian Boyle wins face-off versus Patrice Bergeron in PITTSBURGH Penguins zone.
8:31 of 3rd period - Shot by Dustin Brown.
8:31 of 3rd period - Shot Misses the Net.
8:43 of 3rd period - Shot by Nate Schmidt.
8:43 of 3rd period - Stopped by Frederik Andersen without a rebound.
8:44 of 3rd period - David Krejci wins face-off versus Brian Boyle in BOSTON Bruins zone.
9:59 of 3rd period - Jake Guentzel is hit by Johnny Boychuk and loses puck.
11:03 of 3rd period - Shot by Bryan Little.
11:03 of 3rd period - Shot Misses the Net.
11:05 of 3rd period - Shot by Bryan Little.
11:05 of 3rd period - Stopped by Frederik Andersen without a rebound.
11:06 of 3rd period - Johan Larsson wins face-off versus Bo Horvat in BOSTON Bruins zone.
11:17 of 3rd period - Shot by Johan Larsson.
11:17 of 3rd period - Shot Misses the Net.
11:19 of 3rd period - Shot by Jesse Puljujarvi.
11:19 of 3rd period - Stopped by Frederik Andersen with a rebound.
11:21 of 3rd period - Shot by Marc Staal.
11:21 of 3rd period - Goal by Marc Staal - BOSTON Bruins : 4 - PITTSBURGH Penguins : 1.
11:22 of 3rd period - Evgeni Malkin wins face-off versus Patrice Bergeron in neutral zone.
11:35 of 3rd period - Shot by Patrice Bergeron.
11:35 of 3rd period - Stopped by Devan Dubnyk with a rebound.
11:51 of 3rd period - Shot by Patrice Bergeron.
11:51 of 3rd period - Stopped by Devan Dubnyk without a rebound.
11:52 of 3rd period - Bo Horvat wins face-off versus Bryan Little in PITTSBURGH Penguins zone.
11:52 of 3rd period - Phil Kessel is hit by Robert Bortuzzo and loses puck.
12:02 of 3rd period - Bo Horvat is hit by Robert Bortuzzo and loses puck.
12:13 of 3rd period - Shot by Bryan Little.
12:13 of 3rd period - Shot Hit the Post.
12:15 of 3rd period - Shot by Tanner Pearson.
12:15 of 3rd period - Deflect By Alexander Radulov.
12:15 of 3rd period - Shot Blocked by Mattias Ekholm.
12:17 of 3rd period - Shot by Robert Bortuzzo.
12:17 of 3rd period - Stopped by Frederik Andersen without a rebound.
12:18 of 3rd period - Patrice Bergeron wins face-off versus Brian Boyle in BOSTON Bruins zone.
12:20 of 3rd period - Icing by Brad Marchand.
12:21 of 3rd period - Patrice Bergeron wins face-off versus Evgeni Malkin in BOSTON Bruins zone.
12:34 of 3rd period - Shot by Brad Marchand.
12:34 of 3rd period - Shot Misses the Net.
12:38 of 3rd period - Shot by Brad Marchand.
12:38 of 3rd period - Shot Misses the Net.
13:06 of 3rd period - Icing by Kevan Miller.
13:07 of 3rd period - Brad Marchand wins face-off versus Bryan Little in BOSTON Bruins zone.
13:31 of 3rd period - Blake Wheeler is hit by Brooks Orpik and loses puck.
13:46 of 3rd period - Shot by Bo Horvat.
13:46 of 3rd period - Shot Blocked by Brooks Orpik.
13:48 of 3rd period - Shot by Mattias Ekholm.
13:48 of 3rd period - Stopped by Devan Dubnyk without a rebound.
13:49 of 3rd period - Brian Boyle wins face-off versus David Krejci in PITTSBURGH Penguins zone.
13:49 of 3rd period - Brian Boyle is hit by David Krejci.
14:02 of 3rd period - Shot by David Krejci.
14:02 of 3rd period - Shot Misses the Net.
14:04 of 3rd period - Shot by Darren Archibald.
14:04 of 3rd period - Shot Misses the Net.
14:06 of 3rd period - Shot by Johnny Boychuk.
14:06 of 3rd period - Stopped by Devan Dubnyk without a rebound.
14:07 of 3rd period - Evgeni Malkin wins face-off versus Bo Horvat in PITTSBURGH Penguins zone.
14:21 of 3rd period - Shot by Evgeni Malkin.
14:21 of 3rd period - Shot Misses the Net.
14:23 of 3rd period - Shot by Marc Staal.
14:23 of 3rd period - Goal by Marc Staal - BOSTON Bruins : 4 - PITTSBURGH Penguins : 2.
14:24 of 3rd period - Patrice Bergeron wins face-off versus Bryan Little in neutral zone.
14:29 of 3rd period - Shot by Brad Marchand.
14:29 of 3rd period - Stopped by Devan Dubnyk without a rebound.
14:30 of 3rd period - Bryan Little wins face-off versus Bo Horvat in PITTSBURGH Penguins zone.
15:06 of 3rd period - Shot by Bryan Little.
15:06 of 3rd period - Stopped by Frederik Andersen with a rebound.
15:53 of 3rd period - Shot by Dustin Brown.
15:53 of 3rd period - Stopped by Frederik Andersen without a rebound.
15:54 of 3rd period - David Krejci wins face-off versus Evgeni Malkin in BOSTON Bruins zone.
15:58 of 3rd period - Minor Penalty to Jake Guentzel for Hooking.
15:59 of 3rd period - Dustin Brown wins face-off versus Patrice Bergeron in PITTSBURGH Penguins zone.
16:26 of 3rd period - Nate Schmidt is hit by Brad Marchand and loses puck.
17:16 of 3rd period - Shot by Mattias Ekholm.
17:16 of 3rd period - Shot Misses the Net.
18:27 of 3rd period - Shot by Evgeni Malkin.
18:27 of 3rd period - Shot Misses the Net.
18:29 of 3rd period - Shot by Jake Guentzel.
18:29 of 3rd period - Shot Misses the Net.
18:31 of 3rd period - Shot by Evgeni Malkin.
18:31 of 3rd period - Stopped by Frederik Andersen without a rebound.
18:32 of 3rd period - David Krejci wins face-off versus Johan Larsson in BOSTON Bruins zone.
18:45 of 3rd period - Shot by Jordan Nolan.
18:45 of 3rd period - Deflect By Johan Larsson.
18:45 of 3rd period - Stopped by Frederik Andersen without a rebound.
18:46 of 3rd period - Patrice Bergeron wins face-off versus Alexander Radulov in BOSTON Bruins zone.
18:51 of 3rd period - Nate Schmidt is hit by Tomas Hertl and loses puck.
19:03 of 3rd period - Icing by Marc Staal.
19:04 of 3rd period - David Krejci wins face-off versus Bryan Little in PITTSBURGH Penguins zone.
19:20 of 3rd period - Minor Penalty to Kevan Miller for Tripping.
19:21 of 3rd period - Patrice Bergeron wins face-off versus Evgeni Malkin in BOSTON Bruins zone.
19:40 of 3rd period - Shot by Alexander Radulov.
19:40 of 3rd period - Goal by Alexander Radulov - BOSTON Bruins : 4 - PITTSBURGH Penguins : 3.
19:41 of 3rd period - Evgeni Malkin wins face-off versus Patrice Bergeron in neutral zone.
19:44 of 3rd period - PITTSBURGH Penguins, Devan Dubnyk is pulled from the net.
Goals for this period are 0 for BOSTON Bruins vs 3 for PITTSBURGH Penguins.
Shots for this period are 10 for BOSTON Bruins vs 21 for PITTSBURGH Penguins.